 Dungeon Crawl Stone Soup version 0.29.0-4-gdea44cf6ec (webtiles) character file.

Game seed: 2189458518078105424

106 qw the Chopper (level 4, 26/26 HPs)
             Began as a Tengu Warper on Aug 28, 2022.
             Quit the game on level 2 of the Dungeon.
             The game lasted 00:02:36 (3426 turns).

qw the Chopper (Tengu Warper)                       Turns: 3426, Time: 00:02:36

Health: 26/26      AC:  3    Str: 13    XL:     4   Next: 84%
Magic:  8/8        EV: 12    Int: 13    God:
Gold:   131        SH:  0    Dex: 14    Spells: 7/7 levels left

rFire   . . .      SeeInvis .   Y - +0 war axe
rCold   . . .      Faith    .   (no shield)
rNeg    . . .      Spirit   .   b - +0 leather armour
rPois   .          Reflect  .   (helmet restricted)
rElec   .          Harm     .   (no cloak)
rCorr   .          Rampage  .   (no gloves)
Will    .....                   (boots unavailable)
Stlth   +.........              (no amulet)
HPRegen 0.08/turn               (no ring)
MPRegen 0.11/turn               (no ring)

@: no status effects
A: beak, talons 3
a: no special abilities


You were on level 2 of the Dungeon.
You visited 1 branch of the dungeon, and saw 2 of its levels.

You collected 173 gold pieces.
You spent 42 gold pieces at shops.


Innate Abilities, Weirdness & Mutations

You have a beak for a mouth.
You have claws for feet.


   Skills:
 - Level 2.0 Fighting
 + Level 5.3 Axes
 - Level 1.0 Throwing
 - Level 1.1 Armour
 - Level 2.1 Dodging
 - Level 2.0 Spellcasting
 - Level 2.4 Translocations


You had 7 spell levels left.
You didn't know any spells.
Your spell library contained the following spells:

 Spells                   Type           Power      Damage    Failure   Level
 Blink                    Tloc           14%        N/A       19%         2
 Gell's Gravitas          Tloc           7%         N/A       36%         3
 Lesser Beckoning         Tloc           7%         N/A       36%         3
 Teleport Other           Tloc           7%         N/A       36%         3
 Manifold Assault         Tloc           7%         N/A       98%         5

Inventory:

Hand Weapons
 i - a +0 club
 Y - a +0 war axe (weapon)
Missiles
 c - 5 silver boomerangs (quivered)
Armour
 b - a +0 leather armour (worn)
Scrolls
 f - a scroll of identify
Potions
 a - a potion of mutation
 g - a potion of curing

Dungeon Overview and Level Annotations

Branches:
Dungeon (2/15)

Altars:

Shops:
D:1 (


Message History

An adder is nearby!
An adder is nearby!
3413 ||| Stepping randomly (stuck).
An adder is nearby!
An adder is nearby!
3414 ||| Stepping randomly (stuck).
An adder is nearby!
An adder is nearby!
3415 ||| Stepping randomly (stuck).
Things that are here:
a +0 dagger; a stone; a scroll labelled COIWYTT XAAJ An adder is nearby!
An adder is nearby!
3416 ||| Stepping randomly (stuck).
Things that are here:
a +0 dagger; a stone; a scroll labelled COIWYTT XAAJ An adder is nearby!
An adder is nearby!
3418 ||| Stepping randomly (stuck).
An adder is nearby!
An adder is nearby!
3419 ||| Stepping randomly (stuck).
An adder is nearby!
An adder is nearby!
3420 ||| Stepping randomly (stuck).
An adder is nearby!
An adder is nearby!
3422 ||| Stepping randomly (stuck).
An adder is nearby!
An adder is nearby!
3423 ||| Stepping randomly (stuck).
You see here a +0 club.
An adder is nearby!
An adder is nearby!
3425 ||| Stepping randomly (stuck).
Things that are here:
a +0 dagger; a stone; a scroll labelled COIWYTT XAAJ An adder is nearby!
An adder is nearby!
Are you sure you want to abandon this character and quit the game? (Confirm with "yes".)

##.#..##.........### ####
#...[..#.....>.....## #...
####....#....#####..#####.##
##..##...#...##..###..%.)..#
#....#...#...#....##########
##..#.#...#...#.#..##
#..##.#..#.#.)#.##..#
#..#..#.!#.#..#S.#..#
#..####..#.#.@####..#
##..##..##.##..##..#
#......#...#......#
##....##...##....##
##..##.....##..##
####..#.#..#### ..#####..
#.. ?#g ..# #..#. . ..#


You could see an adder.

Vanquished Creatures
  Jessica (D:2)
  3 adders (D:2)
  3 dart slugs
  6 bats (D:1)
  An endoplasm (D:2)
  4 giant cockroaches
  5 hobgoblins
  4 quokkas
  7 ball pythons
  4 frilled lizards
  3 goblins
  6 kobolds
  2 rats
  A spectral goblin (D:1)
50 creatures vanquished.

Vanquished Creatures (others)
  13 plants (D:1)
13 creatures vanquished.

Grand Total: 63 creatures vanquished

Notes
Turn   | Place    | Note
-------+----------+-------------------------------------------
     0 | D:1      | qw the Tengu Warper began the quest for the Orb.
     0 | D:1      | Reached XP level 1. HP: 12/12 MP: 4/4
     0 | D:1      | 0 ||| qw: Version: 0.1-a-89-g26bdef1
     0 | D:1      | 0 ||| qw: Game counter: 757
     0 | D:1      | 0 ||| qw: Always use a shield: true
     0 | D:1      | 0 ||| qw: God list: Okawaru
     0 | D:1      | 0 ||| qw: Allow faded altars: false
     0 | D:1      | 0 ||| qw: Do Orc after D:15 true
     0 | D:1      | 0 ||| qw: Do second Lair branch before Depths: true
     0 | D:1      | 0 ||| qw: Lair rune preference: random
     0 | D:1      | 0 ||| qw: Plans: Normal
     0 | D:1      | 0 ||| PLANNING D:1-11
   114 | D:1      | Reached XP level 2. HP: 16/17 MP: 6/6
   129 | D:1      | Reached skill level 3 in Axes
   458 | D:1      | Found a faded altar of an unknown god.
   459 | D:1      | 459 ||| Stepping ~*~*~tactically~*~*~ (stealth).
   568 | D:1      | Found Icy Opunu's Weapon Shop.
   600 | D:1      | 600 ||| BUYING +0 war axe (42 gold).
   600 | D:1      | Bought a +0 war axe for 42 gold pieces
   600 | D:1      | 600 ||| SWAPPING to +0 war axe.
   601 | D:1      | 601 ||| DROPPING +0 hand axe.
   735 | D:1      | Reached XP level 3. HP: 17/21 MP: 7/7
  1240 | D:1      | 1240 ||| READING scroll labelled OGEQAHAANE.
  1243 | D:1      | 1243 ||| READING scroll labelled ORIOTI ULOAMIUT.
  1244 | D:1      | 1244 ||| READING 2 scrolls labelled SEIKEWKOR.
  1245 | D:1      | 1245 ||| DROPPING scroll of blinking.
  1286 | D:2      | Reached skill level 4 in Axes
  1297 | D:2      | 1297 ||| Stepping ~*~*~tactically~*~*~ (stealth).
  1384 | D:2      | 1384 ||| Stepping ~*~*~tactically~*~*~ (stealth).
  1386 | D:2      | 1386 ||| Stepping ~*~*~tactically~*~*~ (stealth).
  1866 | D:2      | Noticed Jessica
  1867 | D:2      | 1867 ||| Stepping ~*~*~tactically~*~*~ (hiding).
  1871 | D:2      | Killed Jessica
  1872 | D:2      | Reached XP level 4. HP: 23/26 MP: 8/8
  1918 | D:2      | Reached skill level 5 in Axes
  1923 | D:2      | 1923 ||| DRINKING 2 viscous blue potions.
  1924 | D:2      | 1924 ||| READING 2 scrolls of identify.
  1924 | D:2      | 1924 ||| IDENTIFYING gluggy blue potion
  1925 | D:2      | 1925 ||| Stepping randomly (stuck).
  1957 | D:2      | 1957 ||| Stepping randomly (stuck).
  1958 | D:2      | 1958 ||| Stepping randomly (stuck).
  1959 | D:2      | 1959 ||| Stepping randomly (stuck).
  1985 | D:2      | 1985 ||| Stepping randomly (stuck).
  1986 | D:2      | 1986 ||| Stepping randomly (stuck).
  2017 | D:2      | 2017 ||| READING 2 scrolls of identify.
  2017 | D:2      | 2017 ||| IDENTIFYING orange potion
  2018 | D:2      | 2018 ||| DROPPING potion of brilliance.
  2019 | D:2      | 2019 ||| Stepping randomly (stuck).
  2023 | D:2      | 2023 ||| Stepping randomly (stuck).
  2024 | D:2      | 2024 ||| Stepping randomly (stuck).
  2025 | D:2      | 2025 ||| Stepping randomly (stuck).
  2026 | D:2      | 2026 ||| Stepping randomly (stuck).
  2027 | D:2      | 2027 ||| Stepping randomly (stuck).
  2028 | D:2      | 2028 ||| Stepping randomly (stuck).
  2029 | D:2      | 2029 ||| Stepping randomly (stuck).
  2030 | D:2      | 2030 ||| Stepping randomly (stuck).
  2031 | D:2      | 2031 ||| Stepping randomly (stuck).
  2032 | D:2      | 2032 ||| Stepping randomly (stuck).
  2033 | D:2      | 2033 ||| Stepping randomly (stuck).
  2034 | D:2      | 2034 ||| Stepping randomly (stuck).
  2035 | D:2      | 2035 ||| Stepping randomly (stuck).
  2036 | D:2      | 2036 ||| Stepping randomly (stuck).
  2040 | D:2      | 2040 ||| Stepping randomly (stuck).
  2041 | D:2      | 2041 ||| Stepping randomly (stuck).
  2042 | D:2      | 2042 ||| Stepping randomly (stuck).
  2046 | D:2      | 2046 ||| Stepping randomly (stuck).
  2047 | D:2      | 2047 ||| Stepping randomly (stuck).
  2048 | D:2      | 2048 ||| Stepping randomly (stuck).
  2049 | D:2      | 2049 ||| Stepping randomly (stuck).
  2050 | D:2      | 2050 ||| Stepping randomly (stuck).
  2051 | D:2      | 2051 ||| Stepping randomly (stuck).
  2052 | D:2      | 2052 ||| Stepping randomly (stuck).
  2053 | D:2      | 2053 ||| Stepping randomly (stuck).
  2054 | D:2      | 2054 ||| Stepping randomly (stuck).
  2058 | D:2      | 2058 ||| Stepping randomly (stuck).
  2059 | D:2      | 2059 ||| Stepping randomly (stuck).
  2060 | D:2      | 2060 ||| Stepping randomly (stuck).
  2061 | D:2      | 2061 ||| Stepping randomly (stuck).
  2062 | D:2      | 2062 ||| Stepping randomly (stuck).
  2063 | D:2      | 2063 ||| Stepping randomly (stuck).
  2064 | D:2      | 2064 ||| Stepping randomly (stuck).
  2068 | D:2      | 2068 ||| Stepping randomly (stuck).
  2069 | D:2      | 2069 ||| Stepping randomly (stuck).
  2071 | D:2      | 2071 ||| Stepping randomly (stuck).
  2073 | D:2      | 2073 ||| Stepping randomly (stuck).
  2074 | D:2      | 2074 ||| Stepping randomly (stuck).
  2075 | D:2      | 2075 ||| Stepping randomly (stuck).
  2096 | D:2      | 2096 ||| Stepping randomly (stuck).
  2097 | D:2      | 2097 ||| Stepping randomly (stuck).
  2098 | D:2      | 2098 ||| Stepping randomly (stuck).
  2099 | D:2      | 2099 ||| Stepping randomly (stuck).
  2100 | D:2      | 2100 ||| Stepping randomly (stuck).
  2101 | D:2      | 2101 ||| Stepping randomly (stuck).
  2102 | D:2      | 2102 ||| Stepping randomly (stuck).
  2104 | D:2      | 2104 ||| Stepping randomly (stuck).
  2105 | D:2      | 2105 ||| Stepping randomly (stuck).
  2107 | D:2      | 2107 ||| Stepping randomly (stuck).
  2108 | D:2      | 2108 ||| Stepping randomly (stuck).
  2109 | D:2      | 2109 ||| Stepping randomly (stuck).
  2110 | D:2      | 2110 ||| Stepping randomly (stuck).
  2111 | D:2      | 2111 ||| Stepping randomly (stuck).
  2113 | D:2      | 2113 ||| Stepping randomly (stuck).
  2114 | D:2      | 2114 ||| Stepping randomly (stuck).
  2115 | D:2      | 2115 ||| Stepping randomly (stuck).
  2117 | D:2      | 2117 ||| Stepping randomly (stuck).
  2119 | D:2      | 2119 ||| Stepping randomly (stuck).
  2120 | D:2      | 2120 ||| Stepping randomly (stuck).
  2121 | D:2      | 2121 ||| Stepping randomly (stuck).
  2125 | D:2      | 2125 ||| Stepping randomly (stuck).
  2126 | D:2      | 2126 ||| Stepping randomly (stuck).
  2127 | D:2      | 2127 ||| Stepping randomly (stuck).
  2129 | D:2      | 2129 ||| Stepping randomly (stuck).
  2130 | D:2      | 2130 ||| Stepping randomly (stuck).
  2131 | D:2      | 2131 ||| Stepping randomly (stuck).
  2133 | D:2      | 2133 ||| Stepping randomly (stuck).
  2134 | D:2      | 2134 ||| Stepping randomly (stuck).
  2135 | D:2      | 2135 ||| Stepping randomly (stuck).
  2137 | D:2      | 2137 ||| Stepping randomly (stuck).
  2138 | D:2      | 2138 ||| Stepping randomly (stuck).
  2139 | D:2      | 2139 ||| Stepping randomly (stuck).
  2141 | D:2      | 2141 ||| Stepping randomly (stuck).
  2142 | D:2      | 2142 ||| Stepping randomly (stuck).
  2143 | D:2      | 2143 ||| Stepping randomly (stuck).
  2144 | D:2      | 2144 ||| Stepping randomly (stuck).
  2145 | D:2      | 2145 ||| Stepping randomly (stuck).
  2146 | D:2      | 2146 ||| Stepping randomly (stuck).
  2147 | D:2      | 2147 ||| Stepping randomly (stuck).
  2148 | D:2      | 2148 ||| Stepping randomly (stuck).
  2149 | D:2      | 2149 ||| Stepping randomly (stuck).
  2150 | D:2      | 2150 ||| Stepping randomly (stuck).
  2151 | D:2      | 2151 ||| Stepping randomly (stuck).
  2152 | D:2      | 2152 ||| Stepping randomly (stuck).
  2153 | D:2      | 2153 ||| Stepping randomly (stuck).
  2154 | D:2      | 2154 ||| Stepping randomly (stuck).
  2155 | D:2      | 2155 ||| Stepping randomly (stuck).
  2156 | D:2      | 2156 ||| Stepping randomly (stuck).
  2157 | D:2      | 2157 ||| Stepping randomly (stuck).
  2158 | D:2      | 2158 ||| Stepping randomly (stuck).
  2159 | D:2      | 2159 ||| Stepping ~*~*~tactically~*~*~ (stealth).
  2166 | D:2      | 2166 ||| Stepping randomly (stuck).
  2168 | D:2      | 2168 ||| Stepping randomly (stuck).
  2169 | D:2      | 2169 ||| Stepping randomly (stuck).
  2170 | D:2      | 2170 ||| Stepping randomly (stuck).
  2171 | D:2      | 2171 ||| Stepping randomly (stuck).
  2172 | D:2      | 2172 ||| Stepping randomly (stuck).
  2174 | D:2      | 2174 ||| Stepping randomly (stuck).
  2175 | D:2      | 2175 ||| Stepping randomly (stuck).
  2176 | D:2      | 2176 ||| Stepping randomly (stuck).
  2177 | D:2      | 2177 ||| Stepping randomly (stuck).
  2178 | D:2      | 2178 ||| Stepping randomly (stuck).
  2180 | D:2      | 2180 ||| Stepping randomly (stuck).
  2182 | D:2      | 2182 ||| Stepping randomly (stuck).
  2183 | D:2      | 2183 ||| Stepping randomly (stuck).
  2184 | D:2      | 2184 ||| Stepping randomly (stuck).
  2186 | D:2      | 2186 ||| Stepping randomly (stuck).
  2187 | D:2      | 2187 ||| Stepping randomly (stuck).
  2188 | D:2      | 2188 ||| Stepping randomly (stuck).
  2189 | D:2      | 2189 ||| Stepping randomly (stuck).
  2191 | D:2      | 2191 ||| Stepping randomly (stuck).
  2192 | D:2      | 2192 ||| Stepping randomly (stuck).
  2193 | D:2      | 2193 ||| Stepping randomly (stuck).
  2194 | D:2      | 2194 ||| Stepping randomly (stuck).
  2196 | D:2      | 2196 ||| Stepping randomly (stuck).
  2198 | D:2      | 2198 ||| Stepping randomly (stuck).
  2199 | D:2      | 2199 ||| Stepping randomly (stuck).
  2200 | D:2      | 2200 ||| Stepping randomly (stuck).
  2202 | D:2      | 2202 ||| Stepping randomly (stuck).
  2203 | D:2      | 2203 ||| Stepping randomly (stuck).
  2205 | D:2      | 2205 ||| Stepping randomly (stuck).
  2206 | D:2      | 2206 ||| Stepping randomly (stuck).
  2207 | D:2      | 2207 ||| Stepping randomly (stuck).
  2208 | D:2      | 2208 ||| Stepping randomly (stuck).
  2209 | D:2      | 2209 ||| Stepping randomly (stuck).
  2210 | D:2      | 2210 ||| Stepping randomly (stuck).
  2212 | D:2      | 2212 ||| Stepping randomly (stuck).
  2214 | D:2      | 2214 ||| Stepping randomly (stuck).
  2215 | D:2      | 2215 ||| Stepping randomly (stuck).
  2216 | D:2      | 2216 ||| Stepping randomly (stuck).
  2218 | D:2      | 2218 ||| Stepping randomly (stuck).
  2220 | D:2      | 2220 ||| Stepping randomly (stuck).
  2221 | D:2      | 2221 ||| Stepping randomly (stuck).
  2223 | D:2      | 2223 ||| Stepping randomly (stuck).
  2224 | D:2      | 2224 ||| Stepping randomly (stuck).
  2225 | D:2      | 2225 ||| Stepping randomly (stuck).
  2227 | D:2      | 2227 ||| Stepping randomly (stuck).
  2228 | D:2      | 2228 ||| Stepping randomly (stuck).
  2230 | D:2      | 2230 ||| Stepping randomly (stuck).
  2232 | D:2      | 2232 ||| Stepping randomly (stuck).
  2233 | D:2      | 2233 ||| Stepping randomly (stuck).
  2234 | D:2      | 2234 ||| Stepping randomly (stuck).
  2235 | D:2      | 2235 ||| Stepping randomly (stuck).
  2237 | D:2      | 2237 ||| Stepping randomly (stuck).
  2239 | D:2      | 2239 ||| Stepping randomly (stuck).
  2240 | D:2      | 2240 ||| Stepping randomly (stuck).
  2242 | D:2      | 2242 ||| Stepping randomly (stuck).
  2244 | D:2      | 2244 ||| Stepping randomly (stuck).
  2245 | D:2      | 2245 ||| Stepping randomly (stuck).
  2246 | D:2      | 2246 ||| Stepping randomly (stuck).
  2247 | D:2      | 2247 ||| Stepping randomly (stuck).
  2248 | D:2      | 2248 ||| Stepping randomly (stuck).
  2249 | D:2      | 2249 ||| Stepping randomly (stuck).
  2251 | D:2      | 2251 ||| Stepping randomly (stuck).
  2252 | D:2      | 2252 ||| Stepping randomly (stuck).
  2253 | D:2      | 2253 ||| Stepping randomly (stuck).
  2254 | D:2      | 2254 ||| Stepping randomly (stuck).
  2256 | D:2      | 2256 ||| Stepping randomly (stuck).
  2257 | D:2      | 2257 ||| Stepping randomly (stuck).
  2258 | D:2      | 2258 ||| Stepping randomly (stuck).
  2259 | D:2      | 2259 ||| Stepping randomly (stuck).
  2260 | D:2      | 2260 ||| Stepping randomly (stuck).
  2261 | D:2      | 2261 ||| Stepping randomly (stuck).
  2262 | D:2      | 2262 ||| Stepping randomly (stuck).
  2263 | D:2      | 2263 ||| Stepping randomly (stuck).
  2265 | D:2      | 2265 ||| Stepping randomly (stuck).
  2267 | D:2      | 2267 ||| Stepping randomly (stuck).
  2268 | D:2      | 2268 ||| Stepping randomly (stuck).
  2270 | D:2      | 2270 ||| Stepping randomly (stuck).
  2272 | D:2      | 2272 ||| Stepping randomly (stuck).
  2273 | D:2      | 2273 ||| Stepping randomly (stuck).
  2274 | D:2      | 2274 ||| Stepping randomly (stuck).
  2275 | D:2      | 2275 ||| Stepping randomly (stuck).
  2277 | D:2      | 2277 ||| Stepping randomly (stuck).
  2278 | D:2      | 2278 ||| Stepping randomly (stuck).
  2279 | D:2      | 2279 ||| Stepping randomly (stuck).
  2280 | D:2      | 2280 ||| Stepping randomly (stuck).
  2282 | D:2      | 2282 ||| Stepping randomly (stuck).
  2284 | D:2      | 2284 ||| Stepping randomly (stuck).
  2286 | D:2      | 2286 ||| Stepping randomly (stuck).
  2288 | D:2      | 2288 ||| Stepping randomly (stuck).
  2290 | D:2      | 2290 ||| Stepping randomly (stuck).
  2292 | D:2      | 2292 ||| Stepping randomly (stuck).
  2294 | D:2      | 2294 ||| Stepping randomly (stuck).
  2295 | D:2      | 2295 ||| Stepping randomly (stuck).
  2297 | D:2      | 2297 ||| Stepping randomly (stuck).
  2299 | D:2      | 2299 ||| Stepping randomly (stuck).
  2300 | D:2      | 2300 ||| Stepping randomly (stuck).
  2301 | D:2      | 2301 ||| Stepping randomly (stuck).
  2302 | D:2      | 2302 ||| Stepping randomly (stuck).
  2303 | D:2      | 2303 ||| Stepping randomly (stuck).
  2305 | D:2      | 2305 ||| Stepping randomly (stuck).
  2306 | D:2      | 2306 ||| Stepping randomly (stuck).
  2308 | D:2      | 2308 ||| Stepping randomly (stuck).
  2310 | D:2      | 2310 ||| Stepping randomly (stuck).
  2311 | D:2      | 2311 ||| Stepping randomly (stuck).
  2312 | D:2      | 2312 ||| Stepping randomly (stuck).
  2313 | D:2      | 2313 ||| Stepping randomly (stuck).
  2315 | D:2      | 2315 ||| Stepping randomly (stuck).
  2317 | D:2      | 2317 ||| Stepping randomly (stuck).
  2318 | D:2      | 2318 ||| Stepping randomly (stuck).
  2319 | D:2      | 2319 ||| Stepping randomly (stuck).
  2320 | D:2      | 2320 ||| Stepping randomly (stuck).
  2321 | D:2      | 2321 ||| Stepping randomly (stuck).
  2322 | D:2      | 2322 ||| Stepping randomly (stuck).
  2323 | D:2      | 2323 ||| Stepping randomly (stuck).
  2324 | D:2      | 2324 ||| Stepping randomly (stuck).
  2325 | D:2      | 2325 ||| Stepping randomly (stuck).
  2326 | D:2      | 2326 ||| Stepping randomly (stuck).
  2328 | D:2      | 2328 ||| Stepping randomly (stuck).
  2330 | D:2      | 2330 ||| Stepping randomly (stuck).
  2331 | D:2      | 2331 ||| Stepping randomly (stuck).
  2333 | D:2      | 2333 ||| Stepping randomly (stuck).
  2335 | D:2      | 2335 ||| Stepping randomly (stuck).
  2336 | D:2      | 2336 ||| Stepping randomly (stuck).
  2337 | D:2      | 2337 ||| Stepping randomly (stuck).
  2339 | D:2      | 2339 ||| Stepping randomly (stuck).
  2341 | D:2      | 2341 ||| Stepping randomly (stuck).
  2343 | D:2      | 2343 ||| Stepping randomly (stuck).
  2345 | D:2      | 2345 ||| Stepping randomly (stuck).
  2347 | D:2      | 2347 ||| Stepping randomly (stuck).
  2348 | D:2      | 2348 ||| Stepping randomly (stuck).
  2350 | D:2      | 2350 ||| Stepping randomly (stuck).
  2351 | D:2      | 2351 ||| Stepping randomly (stuck).
  2353 | D:2      | 2353 ||| Stepping randomly (stuck).
  2355 | D:2      | 2355 ||| Stepping randomly (stuck).
  2356 | D:2      | 2356 ||| Stepping randomly (stuck).
  2357 | D:2      | 2357 ||| Stepping randomly (stuck).
  2358 | D:2      | 2358 ||| Stepping randomly (stuck).
  2360 | D:2      | 2360 ||| Stepping randomly (stuck).
  2361 | D:2      | 2361 ||| Stepping randomly (stuck).
  2363 | D:2      | 2363 ||| Stepping randomly (stuck).
  2364 | D:2      | 2364 ||| Stepping randomly (stuck).
  2365 | D:2      | 2365 ||| Stepping randomly (stuck).
  2367 | D:2      | 2367 ||| Stepping randomly (stuck).
  2369 | D:2      | 2369 ||| Stepping randomly (stuck).
  2371 | D:2      | 2371 ||| Stepping randomly (stuck).
  2373 | D:2      | 2373 ||| Stepping randomly (stuck).
  2374 | D:2      | 2374 ||| Stepping randomly (stuck).
  2376 | D:2      | 2376 ||| Stepping randomly (stuck).
  2378 | D:2      | 2378 ||| Stepping randomly (stuck).
  2379 | D:2      | 2379 ||| Stepping randomly (stuck).
  2380 | D:2      | 2380 ||| Stepping randomly (stuck).
  2381 | D:2      | 2381 ||| Stepping randomly (stuck).
  2383 | D:2      | 2383 ||| Stepping randomly (stuck).
  2384 | D:2      | 2384 ||| Stepping randomly (stuck).
  2385 | D:2      | 2385 ||| Stepping randomly (stuck).
  2386 | D:2      | 2386 ||| Stepping randomly (stuck).
  2388 | D:2      | 2388 ||| Stepping randomly (stuck).
  2389 | D:2      | 2389 ||| Stepping randomly (stuck).
  2390 | D:2      | 2390 ||| Stepping randomly (stuck).
  2391 | D:2      | 2391 ||| Stepping randomly (stuck).
  2392 | D:2      | 2392 ||| Stepping randomly (stuck).
  2393 | D:2      | 2393 ||| Stepping randomly (stuck).
  2394 | D:2      | 2394 ||| Stepping randomly (stuck).
  2395 | D:2      | 2395 ||| Stepping randomly (stuck).
  2397 | D:2      | 2397 ||| Stepping randomly (stuck).
  2398 | D:2      | 2398 ||| Stepping randomly (stuck).
  2399 | D:2      | 2399 ||| Stepping randomly (stuck).
  2400 | D:2      | 2400 ||| Stepping randomly (stuck).
  2401 | D:2      | 2401 ||| Stepping randomly (stuck).
  2402 | D:2      | 2402 ||| Stepping randomly (stuck).
  2404 | D:2      | 2404 ||| Stepping randomly (stuck).
  2405 | D:2      | 2405 ||| Stepping randomly (stuck).
  2406 | D:2      | 2406 ||| Stepping randomly (stuck).
  2407 | D:2      | 2407 ||| Stepping randomly (stuck).
  2408 | D:2      | 2408 ||| Stepping randomly (stuck).
  2409 | D:2      | 2409 ||| Stepping randomly (stuck).
  2410 | D:2      | 2410 ||| Stepping randomly (stuck).
  2411 | D:2      | 2411 ||| Stepping randomly (stuck).
  2412 | D:2      | 2412 ||| Stepping randomly (stuck).
  2413 | D:2      | 2413 ||| Stepping randomly (stuck).
  2415 | D:2      | 2415 ||| Stepping randomly (stuck).
  2417 | D:2      | 2417 ||| Stepping randomly (stuck).
  2419 | D:2      | 2419 ||| Stepping randomly (stuck).
  2421 | D:2      | 2421 ||| Stepping randomly (stuck).
  2422 | D:2      | 2422 ||| Stepping randomly (stuck).
  2423 | D:2      | 2423 ||| Stepping randomly (stuck).
  2425 | D:2      | 2425 ||| Stepping randomly (stuck).
  2426 | D:2      | 2426 ||| Stepping randomly (stuck).
  2428 | D:2      | 2428 ||| Stepping randomly (stuck).
  2430 | D:2      | 2430 ||| Stepping randomly (stuck).
  2431 | D:2      | 2431 ||| Stepping randomly (stuck).
  2433 | D:2      | 2433 ||| Stepping randomly (stuck).
  2435 | D:2      | 2435 ||| Stepping randomly (stuck).
  2436 | D:2      | 2436 ||| Stepping randomly (stuck).
  2438 | D:2      | 2438 ||| Stepping randomly (stuck).
  2440 | D:2      | 2440 ||| Stepping randomly (stuck).
  2442 | D:2      | 2442 ||| Stepping randomly (stuck).
  2444 | D:2      | 2444 ||| Stepping randomly (stuck).
  2446 | D:2      | 2446 ||| Stepping randomly (stuck).
  2448 | D:2      | 2448 ||| Stepping randomly (stuck).
  2450 | D:2      | 2450 ||| Stepping randomly (stuck).
  2451 | D:2      | 2451 ||| Stepping randomly (stuck).
  2453 | D:2      | 2453 ||| Stepping randomly (stuck).
  2454 | D:2      | 2454 ||| Stepping randomly (stuck).
  2456 | D:2      | 2456 ||| Stepping randomly (stuck).
  2458 | D:2      | 2458 ||| Stepping randomly (stuck).
  2460 | D:2      | 2460 ||| Stepping randomly (stuck).
  2462 | D:2      | 2462 ||| Stepping randomly (stuck).
  2464 | D:2      | 2464 ||| Stepping randomly (stuck).
  2465 | D:2      | 2465 ||| Stepping randomly (stuck).
  2466 | D:2      | 2466 ||| Stepping randomly (stuck).
  2468 | D:2      | 2468 ||| Stepping randomly (stuck).
  2470 | D:2      | 2470 ||| Stepping randomly (stuck).
  2472 | D:2      | 2472 ||| Stepping randomly (stuck).
  2473 | D:2      | 2473 ||| Stepping randomly (stuck).
  2475 | D:2      | 2475 ||| Stepping randomly (stuck).
  2476 | D:2      | 2476 ||| Stepping randomly (stuck).
  2477 | D:2      | 2477 ||| Stepping randomly (stuck).
  2478 | D:2      | 2478 ||| Stepping randomly (stuck).
  2479 | D:2      | 2479 ||| Stepping randomly (stuck).
  2480 | D:2      | 2480 ||| Stepping randomly (stuck).
  2481 | D:2      | 2481 ||| Stepping randomly (stuck).
  2483 | D:2      | 2483 ||| Stepping randomly (stuck).
  2484 | D:2      | 2484 ||| Stepping randomly (stuck).
  2486 | D:2      | 2486 ||| Stepping randomly (stuck).
  2487 | D:2      | 2487 ||| Stepping randomly (stuck).
  2488 | D:2      | 2488 ||| Stepping randomly (stuck).
  2489 | D:2      | 2489 ||| Stepping randomly (stuck).
  2490 | D:2      | 2490 ||| Stepping randomly (stuck).
  2491 | D:2      | 2491 ||| Stepping randomly (stuck).
  2493 | D:2      | 2493 ||| Stepping randomly (stuck).
  2494 | D:2      | 2494 ||| Stepping randomly (stuck).
  2496 | D:2      | 2496 ||| Stepping randomly (stuck).
  2497 | D:2      | 2497 ||| Stepping randomly (stuck).
  2498 | D:2      | 2498 ||| Stepping randomly (stuck).
  2499 | D:2      | 2499 ||| Stepping randomly (stuck).
  2500 | D:2      | 2500 ||| Stepping randomly (stuck).
  2501 | D:2      | 2501 ||| Stepping randomly (stuck).
  2502 | D:2      | 2502 ||| Stepping randomly (stuck).
  2504 | D:2      | 2504 ||| Stepping randomly (stuck).
  2506 | D:2      | 2506 ||| Stepping randomly (stuck).
  2507 | D:2      | 2507 ||| Stepping randomly (stuck).
  2509 | D:2      | 2509 ||| Stepping randomly (stuck).
  2510 | D:2      | 2510 ||| Stepping randomly (stuck).
  2511 | D:2      | 2511 ||| Stepping randomly (stuck).
  2512 | D:2      | 2512 ||| Stepping randomly (stuck).
  2514 | D:2      | 2514 ||| Stepping randomly (stuck).
  2515 | D:2      | 2515 ||| Stepping randomly (stuck).
  2517 | D:2      | 2517 ||| Stepping randomly (stuck).
  2519 | D:2      | 2519 ||| Stepping randomly (stuck).
  2520 | D:2      | 2520 ||| Stepping randomly (stuck).
  2522 | D:2      | 2522 ||| Stepping randomly (stuck).
  2524 | D:2      | 2524 ||| Stepping randomly (stuck).
  2526 | D:2      | 2526 ||| Stepping randomly (stuck).
  2528 | D:2      | 2528 ||| Stepping randomly (stuck).
  2530 | D:2      | 2530 ||| Stepping randomly (stuck).
  2532 | D:2      | 2532 ||| Stepping randomly (stuck).
  2533 | D:2      | 2533 ||| Stepping randomly (stuck).
  2534 | D:2      | 2534 ||| Stepping randomly (stuck).
  2535 | D:2      | 2535 ||| Stepping randomly (stuck).
  2537 | D:2      | 2537 ||| Stepping randomly (stuck).
  2538 | D:2      | 2538 ||| Stepping randomly (stuck).
  2540 | D:2      | 2540 ||| Stepping randomly (stuck).
  2541 | D:2      | 2541 ||| Stepping randomly (stuck).
  2542 | D:2      | 2542 ||| Stepping randomly (stuck).
  2543 | D:2      | 2543 ||| Stepping randomly (stuck).
  2544 | D:2      | 2544 ||| Stepping randomly (stuck).
  2545 | D:2      | 2545 ||| Stepping randomly (stuck).
  2547 | D:2      | 2547 ||| Stepping randomly (stuck).
  2549 | D:2      | 2549 ||| Stepping randomly (stuck).
  2550 | D:2      | 2550 ||| Stepping randomly (stuck).
  2551 | D:2      | 2551 ||| Stepping randomly (stuck).
  2552 | D:2      | 2552 ||| Stepping randomly (stuck).
  2553 | D:2      | 2553 ||| Stepping randomly (stuck).
  2554 | D:2      | 2554 ||| Stepping randomly (stuck).
  2555 | D:2      | 2555 ||| Stepping randomly (stuck).
  2557 | D:2      | 2557 ||| Stepping randomly (stuck).
  2558 | D:2      | 2558 ||| Stepping randomly (stuck).
  2560 | D:2      | 2560 ||| Stepping randomly (stuck).
  2562 | D:2      | 2562 ||| Stepping randomly (stuck).
  2564 | D:2      | 2564 ||| Stepping randomly (stuck).
  2565 | D:2      | 2565 ||| Stepping randomly (stuck).
  2567 | D:2      | 2567 ||| Stepping randomly (stuck).
  2568 | D:2      | 2568 ||| Stepping randomly (stuck).
  2569 | D:2      | 2569 ||| Stepping randomly (stuck).
  2570 | D:2      | 2570 ||| Stepping randomly (stuck).
  2571 | D:2      | 2571 ||| Stepping randomly (stuck).
  2573 | D:2      | 2573 ||| Stepping randomly (stuck).
  2574 | D:2      | 2574 ||| Stepping randomly (stuck).
  2576 | D:2      | 2576 ||| Stepping randomly (stuck).
  2577 | D:2      | 2577 ||| Stepping randomly (stuck).
  2578 | D:2      | 2578 ||| Stepping randomly (stuck).
  2579 | D:2      | 2579 ||| Stepping randomly (stuck).
  2580 | D:2      | 2580 ||| Stepping randomly (stuck).
  2581 | D:2      | 2581 ||| Stepping randomly (stuck).
  2583 | D:2      | 2583 ||| Stepping randomly (stuck).
  2584 | D:2      | 2584 ||| Stepping randomly (stuck).
  2585 | D:2      | 2585 ||| Stepping randomly (stuck).
  2586 | D:2      | 2586 ||| Stepping randomly (stuck).
  2588 | D:2      | 2588 ||| Stepping randomly (stuck).
  2590 | D:2      | 2590 ||| Stepping randomly (stuck).
  2592 | D:2      | 2592 ||| Stepping randomly (stuck).
  2594 | D:2      | 2594 ||| Stepping randomly (stuck).
  2596 | D:2      | 2596 ||| Stepping randomly (stuck).
  2597 | D:2      | 2597 ||| Stepping randomly (stuck).
  2598 | D:2      | 2598 ||| Stepping randomly (stuck).
  2599 | D:2      | 2599 ||| Stepping randomly (stuck).
  2600 | D:2      | 2600 ||| Stepping randomly (stuck).
  2602 | D:2      | 2602 ||| Stepping randomly (stuck).
  2604 | D:2      | 2604 ||| Stepping randomly (stuck).
  2605 | D:2      | 2605 ||| Stepping randomly (stuck).
  2606 | D:2      | 2606 ||| Stepping randomly (stuck).
  2607 | D:2      | 2607 ||| Stepping randomly (stuck).
  2609 | D:2      | 2609 ||| Stepping randomly (stuck).
  2611 | D:2      | 2611 ||| Stepping randomly (stuck).
  2612 | D:2      | 2612 ||| Stepping randomly (stuck).
  2613 | D:2      | 2613 ||| Stepping randomly (stuck).
  2614 | D:2      | 2614 ||| Stepping randomly (stuck).
  2616 | D:2      | 2616 ||| Stepping randomly (stuck).
  2617 | D:2      | 2617 ||| Stepping randomly (stuck).
  2618 | D:2      | 2618 ||| Stepping randomly (stuck).
  2619 | D:2      | 2619 ||| Stepping randomly (stuck).
  2620 | D:2      | 2620 ||| Stepping randomly (stuck).
  2622 | D:2      | 2622 ||| Stepping randomly (stuck).
  2623 | D:2      | 2623 ||| Stepping randomly (stuck).
  2624 | D:2      | 2624 ||| Stepping randomly (stuck).
  2625 | D:2      | 2625 ||| Stepping randomly (stuck).
  2626 | D:2      | 2626 ||| Stepping randomly (stuck).
  2627 | D:2      | 2627 ||| Stepping randomly (stuck).
  2629 | D:2      | 2629 ||| Stepping randomly (stuck).
  2630 | D:2      | 2630 ||| Stepping randomly (stuck).
  2632 | D:2      | 2632 ||| Stepping randomly (stuck).
  2634 | D:2      | 2634 ||| Stepping randomly (stuck).
  2635 | D:2      | 2635 ||| Stepping randomly (stuck).
  2637 | D:2      | 2637 ||| Stepping randomly (stuck).
  2638 | D:2      | 2638 ||| Stepping randomly (stuck).
  2639 | D:2      | 2639 ||| Stepping randomly (stuck).
  2640 | D:2      | 2640 ||| Stepping randomly (stuck).
  2641 | D:2      | 2641 ||| Stepping randomly (stuck).
  2643 | D:2      | 2643 ||| Stepping randomly (stuck).
  2645 | D:2      | 2645 ||| Stepping randomly (stuck).
  2646 | D:2      | 2646 ||| Stepping randomly (stuck).
  2648 | D:2      | 2648 ||| Stepping randomly (stuck).
  2650 | D:2      | 2650 ||| Stepping randomly (stuck).
  2651 | D:2      | 2651 ||| Stepping randomly (stuck).
  2652 | D:2      | 2652 ||| Stepping randomly (stuck).
  2654 | D:2      | 2654 ||| Stepping randomly (stuck).
  2655 | D:2      | 2655 ||| Stepping randomly (stuck).
  2656 | D:2      | 2656 ||| Stepping randomly (stuck).
  2658 | D:2      | 2658 ||| Stepping randomly (stuck).
  2660 | D:2      | 2660 ||| Stepping randomly (stuck).
  2661 | D:2      | 2661 ||| Stepping randomly (stuck).
  2662 | D:2      | 2662 ||| Stepping randomly (stuck).
  2663 | D:2      | 2663 ||| Stepping randomly (stuck).
  2664 | D:2      | 2664 ||| Stepping randomly (stuck).
  2666 | D:2      | 2666 ||| Stepping randomly (stuck).
  2668 | D:2      | 2668 ||| Stepping randomly (stuck).
  2670 | D:2      | 2670 ||| Stepping randomly (stuck).
  2672 | D:2      | 2672 ||| Stepping randomly (stuck).
  2673 | D:2      | 2673 ||| Stepping randomly (stuck).
  2674 | D:2      | 2674 ||| Stepping randomly (stuck).
  2675 | D:2      | 2675 ||| Stepping randomly (stuck).
  2676 | D:2      | 2676 ||| Stepping randomly (stuck).
  2678 | D:2      | 2678 ||| Stepping randomly (stuck).
  2679 | D:2      | 2679 ||| Stepping randomly (stuck).
  2680 | D:2      | 2680 ||| Stepping randomly (stuck).
  2682 | D:2      | 2682 ||| Stepping randomly (stuck).
  2683 | D:2      | 2683 ||| Stepping randomly (stuck).
  2684 | D:2      | 2684 ||| Stepping randomly (stuck).
  2685 | D:2      | 2685 ||| Stepping randomly (stuck).
  2687 | D:2      | 2687 ||| Stepping randomly (stuck).
  2688 | D:2      | 2688 ||| Stepping randomly (stuck).
  2689 | D:2      | 2689 ||| Stepping randomly (stuck).
  2691 | D:2      | 2691 ||| Stepping randomly (stuck).
  2692 | D:2      | 2692 ||| Stepping randomly (stuck).
  2694 | D:2      | 2694 ||| Stepping randomly (stuck).
  2695 | D:2      | 2695 ||| Stepping randomly (stuck).
  2696 | D:2      | 2696 ||| Stepping randomly (stuck).
  2697 | D:2      | 2697 ||| Stepping randomly (stuck).
  2699 | D:2      | 2699 ||| Stepping randomly (stuck).
  2701 | D:2      | 2701 ||| Stepping randomly (stuck).
  2703 | D:2      | 2703 ||| Stepping randomly (stuck).
  2704 | D:2      | 2704 ||| Stepping randomly (stuck).
  2705 | D:2      | 2705 ||| Stepping randomly (stuck).
  2706 | D:2      | 2706 ||| Stepping randomly (stuck).
  2708 | D:2      | 2708 ||| Stepping randomly (stuck).
  2709 | D:2      | 2709 ||| Stepping randomly (stuck).
  2711 | D:2      | 2711 ||| Stepping randomly (stuck).
  2712 | D:2      | 2712 ||| Stepping randomly (stuck).
  2714 | D:2      | 2714 ||| Stepping randomly (stuck).
  2715 | D:2      | 2715 ||| Stepping randomly (stuck).
  2716 | D:2      | 2716 ||| Stepping randomly (stuck).
  2718 | D:2      | 2718 ||| Stepping randomly (stuck).
  2719 | D:2      | 2719 ||| Stepping randomly (stuck).
  2721 | D:2      | 2721 ||| Stepping randomly (stuck).
  2722 | D:2      | 2722 ||| Stepping randomly (stuck).
  2724 | D:2      | 2724 ||| Stepping randomly (stuck).
  2725 | D:2      | 2725 ||| Stepping randomly (stuck).
  2726 | D:2      | 2726 ||| Stepping randomly (stuck).
  2728 | D:2      | 2728 ||| Stepping randomly (stuck).
  2729 | D:2      | 2729 ||| Stepping randomly (stuck).
  2730 | D:2      | 2730 ||| Stepping randomly (stuck).
  2731 | D:2      | 2731 ||| Stepping randomly (stuck).
  2733 | D:2      | 2733 ||| Stepping randomly (stuck).
  2734 | D:2      | 2734 ||| Stepping randomly (stuck).
  2735 | D:2      | 2735 ||| Stepping randomly (stuck).
  2736 | D:2      | 2736 ||| Stepping randomly (stuck).
  2738 | D:2      | 2738 ||| Stepping randomly (stuck).
  2740 | D:2      | 2740 ||| Stepping randomly (stuck).
  2741 | D:2      | 2741 ||| Stepping randomly (stuck).
  2743 | D:2      | 2743 ||| Stepping randomly (stuck).
  2745 | D:2      | 2745 ||| Stepping randomly (stuck).
  2746 | D:2      | 2746 ||| Stepping randomly (stuck).
  2748 | D:2      | 2748 ||| Stepping randomly (stuck).
  2749 | D:2      | 2749 ||| Stepping randomly (stuck).
  2750 | D:2      | 2750 ||| Stepping randomly (stuck).
  2752 | D:2      | 2752 ||| Stepping randomly (stuck).
  2754 | D:2      | 2754 ||| Stepping randomly (stuck).
  2756 | D:2      | 2756 ||| Stepping randomly (stuck).
  2757 | D:2      | 2757 ||| Stepping randomly (stuck).
  2759 | D:2      | 2759 ||| Stepping randomly (stuck).
  2760 | D:2      | 2760 ||| Stepping randomly (stuck).
  2761 | D:2      | 2761 ||| Stepping randomly (stuck).
  2762 | D:2      | 2762 ||| Stepping randomly (stuck).
  2763 | D:2      | 2763 ||| Stepping randomly (stuck).
  2764 | D:2      | 2764 ||| Stepping randomly (stuck).
  2765 | D:2      | 2765 ||| Stepping randomly (stuck).
  2766 | D:2      | 2766 ||| Stepping randomly (stuck).
  2767 | D:2      | 2767 ||| Stepping randomly (stuck).
  2768 | D:2      | 2768 ||| Stepping randomly (stuck).
  2769 | D:2      | 2769 ||| Stepping randomly (stuck).
  2770 | D:2      | 2770 ||| Stepping randomly (stuck).
  2771 | D:2      | 2771 ||| Stepping randomly (stuck).
  2772 | D:2      | 2772 ||| Stepping randomly (stuck).
  2773 | D:2      | 2773 ||| Stepping randomly (stuck).
  2775 | D:2      | 2775 ||| Stepping randomly (stuck).
  2776 | D:2      | 2776 ||| Stepping randomly (stuck).
  2777 | D:2      | 2777 ||| Stepping randomly (stuck).
  2779 | D:2      | 2779 ||| Stepping randomly (stuck).
  2780 | D:2      | 2780 ||| Stepping randomly (stuck).
  2782 | D:2      | 2782 ||| Stepping randomly (stuck).
  2783 | D:2      | 2783 ||| Stepping randomly (stuck).
  2784 | D:2      | 2784 ||| Stepping randomly (stuck).
  2785 | D:2      | 2785 ||| Stepping randomly (stuck).
  2786 | D:2      | 2786 ||| Stepping randomly (stuck).
  2787 | D:2      | 2787 ||| Stepping randomly (stuck).
  2789 | D:2      | 2789 ||| Stepping randomly (stuck).
  2791 | D:2      | 2791 ||| Stepping randomly (stuck).
  2792 | D:2      | 2792 ||| Stepping randomly (stuck).
  2793 | D:2      | 2793 ||| Stepping randomly (stuck).
  2794 | D:2      | 2794 ||| Stepping randomly (stuck).
  2795 | D:2      | 2795 ||| Stepping randomly (stuck).
  2796 | D:2      | 2796 ||| Stepping randomly (stuck).
  2797 | D:2      | 2797 ||| Stepping randomly (stuck).
  2798 | D:2      | 2798 ||| Stepping randomly (stuck).
  2799 | D:2      | 2799 ||| Stepping randomly (stuck).
  2801 | D:2      | 2801 ||| Stepping randomly (stuck).
  2802 | D:2      | 2802 ||| Stepping randomly (stuck).
  2804 | D:2      | 2804 ||| Stepping randomly (stuck).
  2805 | D:2      | 2805 ||| Stepping randomly (stuck).
  2806 | D:2      | 2806 ||| Stepping randomly (stuck).
  2807 | D:2      | 2807 ||| Stepping randomly (stuck).
  2808 | D:2      | 2808 ||| Stepping randomly (stuck).
  2809 | D:2      | 2809 ||| Stepping randomly (stuck).
  2810 | D:2      | 2810 ||| Stepping randomly (stuck).
  2811 | D:2      | 2811 ||| Stepping randomly (stuck).
  2813 | D:2      | 2813 ||| Stepping randomly (stuck).
  2814 | D:2      | 2814 ||| Stepping randomly (stuck).
  2816 | D:2      | 2816 ||| Stepping randomly (stuck).
  2817 | D:2      | 2817 ||| Stepping randomly (stuck).
  2819 | D:2      | 2819 ||| Stepping randomly (stuck).
  2821 | D:2      | 2821 ||| Stepping randomly (stuck).
  2822 | D:2      | 2822 ||| Stepping randomly (stuck).
  2824 | D:2      | 2824 ||| Stepping randomly (stuck).
  2826 | D:2      | 2826 ||| Stepping randomly (stuck).
  2828 | D:2      | 2828 ||| Stepping randomly (stuck).
  2830 | D:2      | 2830 ||| Stepping randomly (stuck).
  2832 | D:2      | 2832 ||| Stepping randomly (stuck).
  2833 | D:2      | 2833 ||| Stepping randomly (stuck).
  2834 | D:2      | 2834 ||| Stepping randomly (stuck).
  2835 | D:2      | 2835 ||| Stepping randomly (stuck).
  2836 | D:2      | 2836 ||| Stepping randomly (stuck).
  2837 | D:2      | 2837 ||| Stepping randomly (stuck).
  2839 | D:2      | 2839 ||| Stepping randomly (stuck).
  2841 | D:2      | 2841 ||| Stepping randomly (stuck).
  2843 | D:2      | 2843 ||| Stepping randomly (stuck).
  2844 | D:2      | 2844 ||| Stepping randomly (stuck).
  2846 | D:2      | 2846 ||| Stepping randomly (stuck).
  2847 | D:2      | 2847 ||| Stepping randomly (stuck).
  2848 | D:2      | 2848 ||| Stepping randomly (stuck).
  2850 | D:2      | 2850 ||| Stepping randomly (stuck).
  2851 | D:2      | 2851 ||| Stepping randomly (stuck).
  2853 | D:2      | 2853 ||| Stepping randomly (stuck).
  2854 | D:2      | 2854 ||| Stepping randomly (stuck).
  2855 | D:2      | 2855 ||| Stepping randomly (stuck).
  2857 | D:2      | 2857 ||| Stepping randomly (stuck).
  2859 | D:2      | 2859 ||| Stepping randomly (stuck).
  2860 | D:2      | 2860 ||| Stepping randomly (stuck).
  2862 | D:2      | 2862 ||| Stepping randomly (stuck).
  2864 | D:2      | 2864 ||| Stepping randomly (stuck).
  2866 | D:2      | 2866 ||| Stepping randomly (stuck).
  2868 | D:2      | 2868 ||| Stepping randomly (stuck).
  2870 | D:2      | 2870 ||| Stepping randomly (stuck).
  2872 | D:2      | 2872 ||| Stepping randomly (stuck).
  2873 | D:2      | 2873 ||| Stepping randomly (stuck).
  2875 | D:2      | 2875 ||| Stepping randomly (stuck).
  2876 | D:2      | 2876 ||| Stepping randomly (stuck).
  2877 | D:2      | 2877 ||| Stepping randomly (stuck).
  2878 | D:2      | 2878 ||| Stepping randomly (stuck).
  2879 | D:2      | 2879 ||| Stepping randomly (stuck).
  2881 | D:2      | 2881 ||| Stepping randomly (stuck).
  2883 | D:2      | 2883 ||| Stepping randomly (stuck).
  2884 | D:2      | 2884 ||| Stepping randomly (stuck).
  2885 | D:2      | 2885 ||| Stepping randomly (stuck).
  2887 | D:2      | 2887 ||| Stepping randomly (stuck).
  2889 | D:2      | 2889 ||| Stepping randomly (stuck).
  2891 | D:2      | 2891 ||| Stepping randomly (stuck).
  2892 | D:2      | 2892 ||| Stepping randomly (stuck).
  2893 | D:2      | 2893 ||| Stepping randomly (stuck).
  2894 | D:2      | 2894 ||| Stepping randomly (stuck).
  2895 | D:2      | 2895 ||| Stepping randomly (stuck).
  2896 | D:2      | 2896 ||| Stepping randomly (stuck).
  2897 | D:2      | 2897 ||| Stepping randomly (stuck).
  2898 | D:2      | 2898 ||| Stepping randomly (stuck).
  2899 | D:2      | 2899 ||| Stepping randomly (stuck).
  2900 | D:2      | 2900 ||| Stepping randomly (stuck).
  2901 | D:2      | 2901 ||| Stepping randomly (stuck).
  2903 | D:2      | 2903 ||| Stepping randomly (stuck).
  2905 | D:2      | 2905 ||| Stepping randomly (stuck).
  2907 | D:2      | 2907 ||| Stepping randomly (stuck).
  2909 | D:2      | 2909 ||| Stepping randomly (stuck).
  2911 | D:2      | 2911 ||| Stepping randomly (stuck).
  2912 | D:2      | 2912 ||| Stepping randomly (stuck).
  2914 | D:2      | 2914 ||| Stepping randomly (stuck).
  2916 | D:2      | 2916 ||| Stepping randomly (stuck).
  2917 | D:2      | 2917 ||| Stepping randomly (stuck).
  2918 | D:2      | 2918 ||| Stepping randomly (stuck).
  2920 | D:2      | 2920 ||| Stepping randomly (stuck).
  2922 | D:2      | 2922 ||| Stepping randomly (stuck).
  2923 | D:2      | 2923 ||| Stepping randomly (stuck).
  2924 | D:2      | 2924 ||| Stepping randomly (stuck).
  2926 | D:2      | 2926 ||| Stepping randomly (stuck).
  2928 | D:2      | 2928 ||| Stepping randomly (stuck).
  2930 | D:2      | 2930 ||| Stepping randomly (stuck).
  2932 | D:2      | 2932 ||| Stepping randomly (stuck).
  2934 | D:2      | 2934 ||| Stepping randomly (stuck).
  2935 | D:2      | 2935 ||| Stepping randomly (stuck).
  2936 | D:2      | 2936 ||| Stepping randomly (stuck).
  2937 | D:2      | 2937 ||| Stepping randomly (stuck).
  2939 | D:2      | 2939 ||| Stepping randomly (stuck).
  2940 | D:2      | 2940 ||| Stepping randomly (stuck).
  2941 | D:2      | 2941 ||| Stepping randomly (stuck).
  2942 | D:2      | 2942 ||| Stepping randomly (stuck).
  2943 | D:2      | 2943 ||| Stepping randomly (stuck).
  2944 | D:2      | 2944 ||| Stepping randomly (stuck).
  2946 | D:2      | 2946 ||| Stepping randomly (stuck).
  2947 | D:2      | 2947 ||| Stepping randomly (stuck).
  2948 | D:2      | 2948 ||| Stepping randomly (stuck).
  2949 | D:2      | 2949 ||| Stepping randomly (stuck).
  2950 | D:2      | 2950 ||| Stepping randomly (stuck).
  2951 | D:2      | 2951 ||| Stepping randomly (stuck).
  2953 | D:2      | 2953 ||| Stepping randomly (stuck).
  2955 | D:2      | 2955 ||| Stepping randomly (stuck).
  2957 | D:2      | 2957 ||| Stepping randomly (stuck).
  2959 | D:2      | 2959 ||| Stepping randomly (stuck).
  2961 | D:2      | 2961 ||| Stepping randomly (stuck).
  2963 | D:2      | 2963 ||| Stepping randomly (stuck).
  2964 | D:2      | 2964 ||| Stepping randomly (stuck).
  2965 | D:2      | 2965 ||| Stepping randomly (stuck).
  2967 | D:2      | 2967 ||| Stepping randomly (stuck).
  2969 | D:2      | 2969 ||| Stepping randomly (stuck).
  2971 | D:2      | 2971 ||| Stepping randomly (stuck).
  2972 | D:2      | 2972 ||| Stepping randomly (stuck).
  2973 | D:2      | 2973 ||| Stepping randomly (stuck).
  2974 | D:2      | 2974 ||| Stepping randomly (stuck).
  2975 | D:2      | 2975 ||| Stepping randomly (stuck).
  2976 | D:2      | 2976 ||| Stepping randomly (stuck).
  2977 | D:2      | 2977 ||| Stepping randomly (stuck).
  2978 | D:2      | 2978 ||| Stepping randomly (stuck).
  2980 | D:2      | 2980 ||| Stepping randomly (stuck).
  2981 | D:2      | 2981 ||| Stepping randomly (stuck).
  2982 | D:2      | 2982 ||| Stepping randomly (stuck).
  2983 | D:2      | 2983 ||| Stepping randomly (stuck).
  2985 | D:2      | 2985 ||| Stepping randomly (stuck).
  2986 | D:2      | 2986 ||| Stepping randomly (stuck).
  2987 | D:2      | 2987 ||| Stepping randomly (stuck).
  2988 | D:2      | 2988 ||| Stepping randomly (stuck).
  2989 | D:2      | 2989 ||| Stepping randomly (stuck).
  2990 | D:2      | 2990 ||| Stepping randomly (stuck).
  2991 | D:2      | 2991 ||| Stepping randomly (stuck).
  2992 | D:2      | 2992 ||| Stepping randomly (stuck).
  2994 | D:2      | 2994 ||| Stepping randomly (stuck).
  2995 | D:2      | 2995 ||| Stepping randomly (stuck).
  2997 | D:2      | 2997 ||| Stepping randomly (stuck).
  2998 | D:2      | 2998 ||| Stepping randomly (stuck).
  3000 | D:2      | 3000 ||| Stepping randomly (stuck).
  3001 | D:2      | 3001 ||| Stepping randomly (stuck).
  3003 | D:2      | 3003 ||| Stepping randomly (stuck).
  3004 | D:2      | 3004 ||| Stepping randomly (stuck).
  3005 | D:2      | 3005 ||| Stepping randomly (stuck).
  3006 | D:2      | 3006 ||| Stepping randomly (stuck).
  3007 | D:2      | 3007 ||| Stepping randomly (stuck).
  3009 | D:2      | 3009 ||| Stepping randomly (stuck).
  3011 | D:2      | 3011 ||| Stepping randomly (stuck).
  3012 | D:2      | 3012 ||| Stepping randomly (stuck).
  3013 | D:2      | 3013 ||| Stepping randomly (stuck).
  3014 | D:2      | 3014 ||| Stepping randomly (stuck).
  3016 | D:2      | 3016 ||| Stepping randomly (stuck).
  3017 | D:2      | 3017 ||| Stepping randomly (stuck).
  3018 | D:2      | 3018 ||| Stepping randomly (stuck).
  3019 | D:2      | 3019 ||| Stepping randomly (stuck).
  3021 | D:2      | 3021 ||| Stepping randomly (stuck).
  3022 | D:2      | 3022 ||| Stepping randomly (stuck).
  3023 | D:2      | 3023 ||| Stepping randomly (stuck).
  3025 | D:2      | 3025 ||| Stepping randomly (stuck).
  3027 | D:2      | 3027 ||| Stepping randomly (stuck).
  3029 | D:2      | 3029 ||| Stepping randomly (stuck).
  3030 | D:2      | 3030 ||| Stepping randomly (stuck).
  3031 | D:2      | 3031 ||| Stepping randomly (stuck).
  3032 | D:2      | 3032 ||| Stepping randomly (stuck).
  3033 | D:2      | 3033 ||| Stepping randomly (stuck).
  3034 | D:2      | 3034 ||| Stepping randomly (stuck).
  3035 | D:2      | 3035 ||| Stepping randomly (stuck).
  3037 | D:2      | 3037 ||| Stepping randomly (stuck).
  3038 | D:2      | 3038 ||| Stepping randomly (stuck).
  3039 | D:2      | 3039 ||| Stepping randomly (stuck).
  3040 | D:2      | 3040 ||| Stepping randomly (stuck).
  3041 | D:2      | 3041 ||| Stepping randomly (stuck).
  3042 | D:2      | 3042 ||| Stepping randomly (stuck).
  3044 | D:2      | 3044 ||| Stepping randomly (stuck).
  3046 | D:2      | 3046 ||| Stepping randomly (stuck).
  3048 | D:2      | 3048 ||| Stepping randomly (stuck).
  3050 | D:2      | 3050 ||| Stepping randomly (stuck).
  3051 | D:2      | 3051 ||| Stepping randomly (stuck).
  3052 | D:2      | 3052 ||| Stepping randomly (stuck).
  3053 | D:2      | 3053 ||| Stepping randomly (stuck).
  3054 | D:2      | 3054 ||| Stepping randomly (stuck).
  3056 | D:2      | 3056 ||| Stepping randomly (stuck).
  3057 | D:2      | 3057 ||| Stepping randomly (stuck).
  3059 | D:2      | 3059 ||| Stepping randomly (stuck).
  3061 | D:2      | 3061 ||| Stepping randomly (stuck).
  3063 | D:2      | 3063 ||| Stepping randomly (stuck).
  3064 | D:2      | 3064 ||| Stepping randomly (stuck).
  3065 | D:2      | 3065 ||| Stepping randomly (stuck).
  3067 | D:2      | 3067 ||| Stepping randomly (stuck).
  3068 | D:2      | 3068 ||| Stepping randomly (stuck).
  3070 | D:2      | 3070 ||| Stepping randomly (stuck).
  3071 | D:2      | 3071 ||| Stepping randomly (stuck).
  3072 | D:2      | 3072 ||| Stepping randomly (stuck).
  3074 | D:2      | 3074 ||| Stepping randomly (stuck).
  3076 | D:2      | 3076 ||| Stepping randomly (stuck).
  3078 | D:2      | 3078 ||| Stepping randomly (stuck).
  3079 | D:2      | 3079 ||| Stepping randomly (stuck).
  3081 | D:2      | 3081 ||| Stepping randomly (stuck).
  3082 | D:2      | 3082 ||| Stepping randomly (stuck).
  3084 | D:2      | 3084 ||| Stepping randomly (stuck).
  3085 | D:2      | 3085 ||| Stepping randomly (stuck).
  3086 | D:2      | 3086 ||| Stepping randomly (stuck).
  3087 | D:2      | 3087 ||| Stepping randomly (stuck).
  3089 | D:2      | 3089 ||| Stepping randomly (stuck).
  3090 | D:2      | 3090 ||| Stepping randomly (stuck).
  3091 | D:2      | 3091 ||| Stepping randomly (stuck).
  3093 | D:2      | 3093 ||| Stepping randomly (stuck).
  3094 | D:2      | 3094 ||| Stepping randomly (stuck).
  3095 | D:2      | 3095 ||| Stepping randomly (stuck).
  3096 | D:2      | 3096 ||| Stepping randomly (stuck).
  3097 | D:2      | 3097 ||| Stepping randomly (stuck).
  3098 | D:2      | 3098 ||| Stepping randomly (stuck).
  3099 | D:2      | 3099 ||| Stepping randomly (stuck).
  3100 | D:2      | 3100 ||| Stepping randomly (stuck).
  3101 | D:2      | 3101 ||| Stepping randomly (stuck).
  3102 | D:2      | 3102 ||| Stepping randomly (stuck).
  3103 | D:2      | 3103 ||| Stepping randomly (stuck).
  3105 | D:2      | 3105 ||| Stepping randomly (stuck).
  3107 | D:2      | 3107 ||| Stepping randomly (stuck).
  3108 | D:2      | 3108 ||| Stepping randomly (stuck).
  3109 | D:2      | 3109 ||| Stepping randomly (stuck).
  3111 | D:2      | 3111 ||| Stepping randomly (stuck).
  3112 | D:2      | 3112 ||| Stepping randomly (stuck).
  3114 | D:2      | 3114 ||| Stepping randomly (stuck).
  3115 | D:2      | 3115 ||| Stepping randomly (stuck).
  3116 | D:2      | 3116 ||| Stepping randomly (stuck).
  3117 | D:2      | 3117 ||| Stepping randomly (stuck).
  3118 | D:2      | 3118 ||| Stepping randomly (stuck).
  3120 | D:2      | 3120 ||| Stepping randomly (stuck).
  3121 | D:2      | 3121 ||| Stepping randomly (stuck).
  3122 | D:2      | 3122 ||| Stepping randomly (stuck).
  3123 | D:2      | 3123 ||| Stepping randomly (stuck).
  3124 | D:2      | 3124 ||| Stepping randomly (stuck).
  3126 | D:2      | 3126 ||| Stepping randomly (stuck).
  3127 | D:2      | 3127 ||| Stepping randomly (stuck).
  3129 | D:2      | 3129 ||| Stepping randomly (stuck).
  3130 | D:2      | 3130 ||| Stepping randomly (stuck).
  3131 | D:2      | 3131 ||| Stepping randomly (stuck).
  3132 | D:2      | 3132 ||| Stepping randomly (stuck).
  3134 | D:2      | 3134 ||| Stepping randomly (stuck).
  3136 | D:2      | 3136 ||| Stepping randomly (stuck).
  3137 | D:2      | 3137 ||| Stepping randomly (stuck).
  3138 | D:2      | 3138 ||| Stepping randomly (stuck).
  3139 | D:2      | 3139 ||| Stepping randomly (stuck).
  3141 | D:2      | 3141 ||| Stepping randomly (stuck).
  3142 | D:2      | 3142 ||| Stepping randomly (stuck).
  3144 | D:2      | 3144 ||| Stepping randomly (stuck).
  3146 | D:2      | 3146 ||| Stepping randomly (stuck).
  3148 | D:2      | 3148 ||| Stepping randomly (stuck).
  3149 | D:2      | 3149 ||| Stepping randomly (stuck).
  3150 | D:2      | 3150 ||| Stepping randomly (stuck).
  3151 | D:2      | 3151 ||| Stepping randomly (stuck).
  3153 | D:2      | 3153 ||| Stepping randomly (stuck).
  3155 | D:2      | 3155 ||| Stepping randomly (stuck).
  3157 | D:2      | 3157 ||| Stepping randomly (stuck).
  3159 | D:2      | 3159 ||| Stepping randomly (stuck).
  3161 | D:2      | 3161 ||| Stepping randomly (stuck).
  3162 | D:2      | 3162 ||| Stepping randomly (stuck).
  3164 | D:2      | 3164 ||| Stepping randomly (stuck).
  3166 | D:2      | 3166 ||| Stepping randomly (stuck).
  3168 | D:2      | 3168 ||| Stepping randomly (stuck).
  3170 | D:2      | 3170 ||| Stepping randomly (stuck).
  3171 | D:2      | 3171 ||| Stepping randomly (stuck).
  3172 | D:2      | 3172 ||| Stepping randomly (stuck).
  3173 | D:2      | 3173 ||| Stepping randomly (stuck).
  3174 | D:2      | 3174 ||| Stepping randomly (stuck).
  3175 | D:2      | 3175 ||| Stepping randomly (stuck).
  3177 | D:2      | 3177 ||| Stepping randomly (stuck).
  3178 | D:2      | 3178 ||| Stepping randomly (stuck).
  3180 | D:2      | 3180 ||| Stepping randomly (stuck).
  3182 | D:2      | 3182 ||| Stepping randomly (stuck).
  3183 | D:2      | 3183 ||| Stepping randomly (stuck).
  3185 | D:2      | 3185 ||| Stepping randomly (stuck).
  3186 | D:2      | 3186 ||| Stepping randomly (stuck).
  3188 | D:2      | 3188 ||| Stepping randomly (stuck).
  3190 | D:2      | 3190 ||| Stepping randomly (stuck).
  3191 | D:2      | 3191 ||| Stepping randomly (stuck).
  3192 | D:2      | 3192 ||| Stepping randomly (stuck).
  3194 | D:2      | 3194 ||| Stepping randomly (stuck).
  3196 | D:2      | 3196 ||| Stepping randomly (stuck).
  3198 | D:2      | 3198 ||| Stepping randomly (stuck).
  3199 | D:2      | 3199 ||| Stepping randomly (stuck).
  3200 | D:2      | 3200 ||| Stepping randomly (stuck).
  3201 | D:2      | 3201 ||| Stepping randomly (stuck).
  3202 | D:2      | 3202 ||| Stepping randomly (stuck).
  3203 | D:2      | 3203 ||| Stepping randomly (stuck).
  3204 | D:2      | 3204 ||| Stepping randomly (stuck).
  3206 | D:2      | 3206 ||| Stepping randomly (stuck).
  3207 | D:2      | 3207 ||| Stepping randomly (stuck).
  3208 | D:2      | 3208 ||| Stepping randomly (stuck).
  3209 | D:2      | 3209 ||| Stepping randomly (stuck).
  3210 | D:2      | 3210 ||| Stepping randomly (stuck).
  3211 | D:2      | 3211 ||| Stepping randomly (stuck).
  3213 | D:2      | 3213 ||| Stepping randomly (stuck).
  3214 | D:2      | 3214 ||| Stepping randomly (stuck).
  3215 | D:2      | 3215 ||| Stepping randomly (stuck).
  3216 | D:2      | 3216 ||| Stepping randomly (stuck).
  3217 | D:2      | 3217 ||| Stepping randomly (stuck).
  3218 | D:2      | 3218 ||| Stepping randomly (stuck).
  3219 | D:2      | 3219 ||| Stepping randomly (stuck).
  3220 | D:2      | 3220 ||| Stepping randomly (stuck).
  3221 | D:2      | 3221 ||| Stepping randomly (stuck).
  3222 | D:2      | 3222 ||| Stepping randomly (stuck).
  3223 | D:2      | 3223 ||| Stepping randomly (stuck).
  3225 | D:2      | 3225 ||| Stepping randomly (stuck).
  3226 | D:2      | 3226 ||| Stepping randomly (stuck).
  3227 | D:2      | 3227 ||| Stepping randomly (stuck).
  3228 | D:2      | 3228 ||| Stepping randomly (stuck).
  3229 | D:2      | 3229 ||| Stepping randomly (stuck).
  3231 | D:2      | 3231 ||| Stepping randomly (stuck).
  3233 | D:2      | 3233 ||| Stepping randomly (stuck).
  3235 | D:2      | 3235 ||| Stepping randomly (stuck).
  3236 | D:2      | 3236 ||| Stepping randomly (stuck).
  3237 | D:2      | 3237 ||| Stepping randomly (stuck).
  3239 | D:2      | 3239 ||| Stepping randomly (stuck).
  3240 | D:2      | 3240 ||| Stepping randomly (stuck).
  3242 | D:2      | 3242 ||| Stepping randomly (stuck).
  3243 | D:2      | 3243 ||| Stepping randomly (stuck).
  3244 | D:2      | 3244 ||| Stepping randomly (stuck).
  3245 | D:2      | 3245 ||| Stepping randomly (stuck).
  3246 | D:2      | 3246 ||| Stepping randomly (stuck).
  3247 | D:2      | 3247 ||| Stepping randomly (stuck).
  3248 | D:2      | 3248 ||| Stepping randomly (stuck).
  3250 | D:2      | 3250 ||| Stepping randomly (stuck).
  3251 | D:2      | 3251 ||| Stepping randomly (stuck).
  3252 | D:2      | 3252 ||| Stepping randomly (stuck).
  3253 | D:2      | 3253 ||| Stepping randomly (stuck).
  3254 | D:2      | 3254 ||| Stepping randomly (stuck).
  3255 | D:2      | 3255 ||| Stepping randomly (stuck).
  3256 | D:2      | 3256 ||| Stepping randomly (stuck).
  3258 | D:2      | 3258 ||| Stepping randomly (stuck).
  3259 | D:2      | 3259 ||| Stepping randomly (stuck).
  3261 | D:2      | 3261 ||| Stepping randomly (stuck).
  3263 | D:2      | 3263 ||| Stepping randomly (stuck).
  3264 | D:2      | 3264 ||| Stepping randomly (stuck).
  3265 | D:2      | 3265 ||| Stepping randomly (stuck).
  3266 | D:2      | 3266 ||| Stepping randomly (stuck).
  3267 | D:2      | 3267 ||| Stepping randomly (stuck).
  3269 | D:2      | 3269 ||| Stepping randomly (stuck).
  3271 | D:2      | 3271 ||| Stepping randomly (stuck).
  3273 | D:2      | 3273 ||| Stepping randomly (stuck).
  3275 | D:2      | 3275 ||| Stepping randomly (stuck).
  3276 | D:2      | 3276 ||| Stepping randomly (stuck).
  3278 | D:2      | 3278 ||| Stepping randomly (stuck).
  3280 | D:2      | 3280 ||| Stepping randomly (stuck).
  3281 | D:2      | 3281 ||| Stepping randomly (stuck).
  3282 | D:2      | 3282 ||| Stepping randomly (stuck).
  3283 | D:2      | 3283 ||| Stepping randomly (stuck).
  3284 | D:2      | 3284 ||| Stepping randomly (stuck).
  3286 | D:2      | 3286 ||| Stepping randomly (stuck).
  3287 | D:2      | 3287 ||| Stepping randomly (stuck).
  3289 | D:2      | 3289 ||| Stepping randomly (stuck).
  3290 | D:2      | 3290 ||| Stepping randomly (stuck).
  3292 | D:2      | 3292 ||| Stepping randomly (stuck).
  3293 | D:2      | 3293 ||| Stepping randomly (stuck).
  3295 | D:2      | 3295 ||| Stepping randomly (stuck).
  3297 | D:2      | 3297 ||| Stepping randomly (stuck).
  3299 | D:2      | 3299 ||| Stepping randomly (stuck).
  3300 | D:2      | 3300 ||| Stepping randomly (stuck).
  3301 | D:2      | 3301 ||| Stepping randomly (stuck).
  3303 | D:2      | 3303 ||| Stepping randomly (stuck).
  3304 | D:2      | 3304 ||| Stepping randomly (stuck).
  3305 | D:2      | 3305 ||| Stepping randomly (stuck).
  3307 | D:2      | 3307 ||| Stepping randomly (stuck).
  3309 | D:2      | 3309 ||| Stepping randomly (stuck).
  3310 | D:2      | 3310 ||| Stepping randomly (stuck).
  3311 | D:2      | 3311 ||| Stepping randomly (stuck).
  3312 | D:2      | 3312 ||| Stepping randomly (stuck).
  3313 | D:2      | 3313 ||| Stepping randomly (stuck).
  3315 | D:2      | 3315 ||| Stepping randomly (stuck).
  3317 | D:2      | 3317 ||| Stepping randomly (stuck).
  3319 | D:2      | 3319 ||| Stepping randomly (stuck).
  3320 | D:2      | 3320 ||| Stepping randomly (stuck).
  3321 | D:2      | 3321 ||| Stepping randomly (stuck).
  3323 | D:2      | 3323 ||| Stepping randomly (stuck).
  3324 | D:2      | 3324 ||| Stepping randomly (stuck).
  3325 | D:2      | 3325 ||| Stepping randomly (stuck).
  3327 | D:2      | 3327 ||| Stepping randomly (stuck).
  3329 | D:2      | 3329 ||| Stepping randomly (stuck).
  3331 | D:2      | 3331 ||| Stepping randomly (stuck).
  3333 | D:2      | 3333 ||| Stepping randomly (stuck).
  3335 | D:2      | 3335 ||| Stepping randomly (stuck).
  3336 | D:2      | 3336 ||| Stepping randomly (stuck).
  3337 | D:2      | 3337 ||| Stepping randomly (stuck).
  3338 | D:2      | 3338 ||| Stepping randomly (stuck).
  3340 | D:2      | 3340 ||| Stepping randomly (stuck).
  3341 | D:2      | 3341 ||| Stepping randomly (stuck).
  3342 | D:2      | 3342 ||| Stepping randomly (stuck).
  3343 | D:2      | 3343 ||| Stepping randomly (stuck).
  3344 | D:2      | 3344 ||| Stepping randomly (stuck).
  3346 | D:2      | 3346 ||| Stepping randomly (stuck).
  3347 | D:2      | 3347 ||| Stepping randomly (stuck).
  3349 | D:2      | 3349 ||| Stepping randomly (stuck).
  3350 | D:2      | 3350 ||| Stepping randomly (stuck).
  3352 | D:2      | 3352 ||| Stepping randomly (stuck).
  3354 | D:2      | 3354 ||| Stepping randomly (stuck).
  3355 | D:2      | 3355 ||| Stepping randomly (stuck).
  3356 | D:2      | 3356 ||| Stepping randomly (stuck).
  3358 | D:2      | 3358 ||| Stepping randomly (stuck).
  3359 | D:2      | 3359 ||| Stepping randomly (stuck).
  3360 | D:2      | 3360 ||| Stepping randomly (stuck).
  3361 | D:2      | 3361 ||| Stepping randomly (stuck).
  3362 | D:2      | 3362 ||| Stepping randomly (stuck).
  3364 | D:2      | 3364 ||| Stepping randomly (stuck).
  3366 | D:2      | 3366 ||| Stepping randomly (stuck).
  3367 | D:2      | 3367 ||| Stepping randomly (stuck).
  3369 | D:2      | 3369 ||| Stepping randomly (stuck).
  3371 | D:2      | 3371 ||| Stepping randomly (stuck).
  3372 | D:2      | 3372 ||| Stepping randomly (stuck).
  3373 | D:2      | 3373 ||| Stepping randomly (stuck).
  3375 | D:2      | 3375 ||| Stepping randomly (stuck).
  3377 | D:2      | 3377 ||| Stepping randomly (stuck).
  3378 | D:2      | 3378 ||| Stepping randomly (stuck).
  3379 | D:2      | 3379 ||| Stepping randomly (stuck).
  3380 | D:2      | 3380 ||| Stepping randomly (stuck).
  3381 | D:2      | 3381 ||| Stepping randomly (stuck).
  3383 | D:2      | 3383 ||| Stepping randomly (stuck).
  3384 | D:2      | 3384 ||| Stepping randomly (stuck).
  3385 | D:2      | 3385 ||| Stepping randomly (stuck).
  3387 | D:2      | 3387 ||| Stepping randomly (stuck).
  3389 | D:2      | 3389 ||| Stepping randomly (stuck).
  3390 | D:2      | 3390 ||| Stepping randomly (stuck).
  3391 | D:2      | 3391 ||| Stepping randomly (stuck).
  3393 | D:2      | 3393 ||| Stepping randomly (stuck).
  3395 | D:2      | 3395 ||| Stepping randomly (stuck).
  3397 | D:2      | 3397 ||| Stepping randomly (stuck).
  3398 | D:2      | 3398 ||| Stepping randomly (stuck).
  3399 | D:2      | 3399 ||| Stepping randomly (stuck).
  3401 | D:2      | 3401 ||| Stepping randomly (stuck).
  3402 | D:2      | 3402 ||| Stepping randomly (stuck).
  3404 | D:2      | 3404 ||| Stepping randomly (stuck).
  3405 | D:2      | 3405 ||| Stepping randomly (stuck).
  3407 | D:2      | 3407 ||| Stepping randomly (stuck).
  3408 | D:2      | 3408 ||| Stepping randomly (stuck).
  3409 | D:2      | 3409 ||| Stepping randomly (stuck).
  3411 | D:2      | 3411 ||| Stepping randomly (stuck).
  3413 | D:2      | 3413 ||| Stepping randomly (stuck).
  3414 | D:2      | 3414 ||| Stepping randomly (stuck).
  3415 | D:2      | 3415 ||| Stepping randomly (stuck).
  3416 | D:2      | 3416 ||| Stepping randomly (stuck).
  3418 | D:2      | 3418 ||| Stepping randomly (stuck).
  3419 | D:2      | 3419 ||| Stepping randomly (stuck).
  3420 | D:2      | 3420 ||| Stepping randomly (stuck).
  3422 | D:2      | 3422 ||| Stepping randomly (stuck).
  3423 | D:2      | 3423 ||| Stepping randomly (stuck).
  3425 | D:2      | 3425 ||| Stepping randomly (stuck).
  3426 | D:2      | Quit the game

Levels and vault maps discovered:
D:1:      amcnicky_arrival_gap_in_the_tavern_cellar, layout_basic,
          dreamdust_ecumenical_altar_drowned_temple, serial_shops,
          nicolae_shop_bloodbath_and_beyond, chequers_serial_rivers_large_a,
          ebering_dispersal_statue_hall, corexii_corridor_pit,
          chequers_big_river, serial_bayou_pond_c, dreamdust_wishing_well,
          minmay_cupped
D:2:      minmay_door_path, layout_rooms, minmay_puff, uniq_jessica

Skill      XL: |  1  2  3  4 |
---------------+-------------+-----
Axes           | 3 4 5 |  5.3
Fighting       | |  2.0
Throwing       | |  1.0
Armour         | |  1.1
Dodging        | |  2.1
Spellcasting   | |  2.0
Translocations | |  2.4

Action                   |  1- 3 |  4- 6 || total
-------------------------+-------+-------++-------
Melee: Hand axe          |    41 |       ||    41
       Kick              |    25 |     1 ||    26
       Peck              |    11 |     2 ||    13
       War axe           |    45 |    16 ||    61
Throw: Boomerang         |    11 |    14 ||    25
  Use: Scroll            |     3 |     2 ||     5
       Potion            |       |     1 ||     1
Armor: Leather armour    |    28 |     6 ||    34
Dodge: Dodged            |    48 |     8 ||    56

Table legend:
 A = Non-vault XP
 B = Vault XP
 C = Vault XP percentage of total XP
 D = Non-vault monster count
 E = Vault monster count
 F = Vault count percentage of total count
                 A         B        C        D         E       F
            +---------+---------+-------+---------+---------+-------
      Total |      96 |      56 |  36.8 |      38 |      12 |  24.0
            +---------+---------+-------+---------+---------+-------
        D:1 |      37 |       7 |  15.9 |      23 |       6 |  20.7
        D:2 |      59 |      49 |  45.4 |      15 |       6 |  28.6
            +---------+---------+-------+---------+---------+-------
